 Dungeon Crawl Stone Soup version 0.24.0-29-g8ce449bc06 (webtiles) character file.

Game seed: 16225592155747454641, levelgen mode: deterministic

198 Descartes the Insei (level 5, -2/27 HPs)
             Began as a Vine Stalker Monk on Nov 16, 2019.
             Slain by a river rat (6 damage)
             ... on level 3 of the Dungeon.
             The game lasted 00:04:53 (2785 turns).

Descartes the Insei (Vine Stalker Monk)             Turns: 2785, Time: 00:04:54

Health: -2/27      AC:  5    Str: 14    XL:     5   Next: 76%
Magic:  0/6        EV: 12    Int: 10    God:
Gold:   248        SH:  0    Dex: 17    Spells: 4/4 levels left

rFire    . . .     SeeInvis .     - Unarmed
rCold    . . .     Gourm    .   (no shield)
rNeg     . . .     Faith    .   s - +0 ring mail
rPois    .         Spirit   +   (no helmet)
rElec    .         Reflect  .   (no cloak)
rCorr    .         Harm     .   (no gloves)
MR       .....                  (no boots)
Stlth    ++........             (no amulet)
HPRegen  0.49/turn              (no ring)
MPRegen  0.10/turn              (no ring)

@: no status effects
A: fangs 2, regeneration 1, magic shield, antimagic bite, no potion heal 3, rot
immunity
a: no special abilities


You were on level 3 of the Dungeon.
You were very hungry.

You visited 1 branch of the dungeon, and saw 4 of its levels.

You collected 248 gold pieces.

Inventory:

Missiles
 c - 76 stones (quivered)
 n - 19 poisoned darts
 p - 67 bolts
 q - 39 arrows
Armour
 a - a +0 robe
 s - a +0 ring mail (worn)
Scrolls
 d - 5 scrolls of teleportation {unknown}
 f - a scroll of noise {unknown}
 g - a scroll of blinking {unknown}
 j - a scroll of fear {unknown}
 k - 2 scrolls of enchant weapon {unknown}
 l - 3 scrolls of identify
 m - a scroll of magic mapping {unknown}
 o - a scroll of enchant armour {unknown}
 t - a scroll of remove curse {unknown}
 v - a scroll of random uselessness {unknown}
Potions
 e - a potion of lignification
 i - 4 potions of curing
 r - a potion of cancellation
 u - 2 potions of ambrosia {unknown}
 w - a potion of agility {unknown}
Comestibles
 b - 4 rations


   Skills:
 - Level 2.6 Fighting
 + Level 1.6 Armour
 + Level 3.1 Dodging
 + Level 4.0 Stealth
 * Level 4.5 Unarmed Combat


You had 4 spell levels left.
You didn't know any spells.
Your spell library was empty.

Dungeon Overview and Level Annotations

Branches:
Dungeon (4/15)
 Temple: D:4-7

Altars:
Ashenzari
Cheibriados
Fedhas
Vehumet

Portals:
Sewer: D:4

Annotations:
D:3 exclusion: downstairs
D:4 Dowan, Duvessa


Innate Abilities, Weirdness & Mutations

You have extremely sharp teeth.
Your natural rate of healing is unusually fast.
When hurt, damage is shared between your health and your magic reserves.
Your bite disrupts and absorbs the magic of your enemies.
Potions cannot restore your health.
You are immune to rotting.


Message History

* * * LOW HITPOINT WARNING * * *
There is a stone staircase leading up here.
The river rat bites you.
* * * LOW HITPOINT WARNING * * *
You climb upwards.
Level annotation: exclusion: downstairs
There is a stone staircase leading down here.
You closely miss the river rat. You bite the river rat. You drain its power.
You feel invigorated.
The river rat is severely wounded.
Your ring mail prevents you from hitting the river rat.
You bite the river rat, but do no damage.
The river rat is severely wounded.
The river rat bites you.
* * * LOW HITPOINT WARNING * * *
You are feeling very hungry.
You closely miss the river rat. Your bite misses the river rat.
The river rat is severely wounded.
The river rat bites you!
You die...

####.###...##.#
#.#....###.##.####
#.##.............#
...#.......##)##.#
...##......##.##.#
....#......##.##.#
....#..........#.#
.......##..##.##.#
.).......<......@#########
.#####.###.....r.........#
.#####'######.#########.##
....#......##.# #.#
....#......##.# #.#
....#......##.# #.#
....#.....###.# #.#
#...#.....# #.# #.#
....+.....# #.# #.#


You could see a river rat.

Vanquished Creatures
  A bullfrog (D:3)
  3 gnolls (D:3)
  3 adders
  2 worms
  3 dart slugs (D:1)
  An orc (D:3)
  6 giant cockroaches
  6 hobgoblins
  6 jackals
  10 bats
  3 frilled lizards (D:3)
  7 goblins
  8 kobolds
  6 rats
65 creatures vanquished.

Notes
Turn   | Place    | Note
-------+----------+-------------------------------------------
     0 | D:1      | Descartes the Vine Stalker Monk began the quest for the
                  | Orb.
     0 | D:1      | Reached XP level 1. HP: 11/11 MP: 2/2
   222 | D:1      | Reached XP level 2. HP: 15/16 MP: 3/3
   659 | D:1      | Reached XP level 3. HP: 19/19 MP: 4/4
  1005 | D:2      | Reached skill level 1 in Armour
  1209 | D:2      | Gained mutation: Your natural rate of healing is unusually
                  | fast. [Vine Stalker growth]
  1209 | D:2      | Reached XP level 4. HP: 17/23 MP: 5/5
  2078 | D:3      | Found a shattered altar of Ashenzari.
  2322 | D:3      | Noticed a bullfrog
  2330 | D:3      | Killed a bullfrog
  2330 | D:3      | Reached XP level 5. HP: 22/27 MP: 6/6
  2453 | D:3      | Found a blossoming altar of Fedhas.
  2493 | D:3      | Found a radiant altar of Vehumet.
  2494 | D:3      | Found a snail-covered altar of Cheibriados.
  2722 | D:4      | Noticed Duvessa
  2722 | D:4      | Noticed Dowan
  2765 | D:4      | Found a glowing drain.
  2785 | D:3      | Slain by a river rat

Levels and vault maps discovered:
D:1:      zelgadis_glass_arrival_small, layout_loops_ring
D:2:      layout_basic
D:3:      layout_basic, fedhas_altar_4, gammafunk_temple_overflow_statue,
          nicolae_ashenzari_panopticon
D:4:      layout_loops_ring, minmay_temple_entry_statues_pillars,
          portal_sewer_entry_a, first_ration, kennysheep_flooded_box,
          uniq_duvessa

Skill      XL: |  1  2  3  4  5 |
---------------+----------------+-----
Stealth        | 3 4 |  4.0
Armour         | 1 |  1.6
Unarmed Combat | 4 |  4.5
Dodging        | 3 |  3.1
Fighting       | |  2.6

Action                   |  1- 3 |  4- 6 || total
-------------------------+-------+-------++-------
Melee: Unarmed           |    98 |   110 ||   208
       Bite              |    23 |    27 ||    50
       Punch             |     2 |     1 ||     3
  Use: Scroll            |       |     3 ||     3
 Stab: Sleeping          |    12 |     3 ||    15
  Eat: Chunk             |     1 |     4 ||     5
Armor: Robe              |    16 |     1 ||    17
       Ring mail         |       |    22 ||    22
Dodge: Dodged            |    67 |    71 ||   138
